 Dungeon Crawl Stone Soup version 0.29.1-1-gd02db6906a (webtiles) character file.

Game seed: 8545748036556837197

126 Orsonium the Chopper (level 4, -4/40 HPs)
             Began as a Draconian Monk on Sept 21, 2022.
             Slain by an orc
             ... wielding a +0 hand axe
              (6 damage)
             ... on level 3 of the Dungeon.
             The game lasted 00:06:52 (3063 turns).

Orsonium the Chopper (Draconian Monk)               Turns: 3063, Time: 00:06:52

Health: -4/40      AC:  5    Str: 15    XL:     4   Next: 83%
Magic:  4/4        EV: 13    Int: 11    God:
Gold:   138        SH:  0    Dex: 13    Spells: 3/3 levels left

rFire   + . .      SeeInvis .   a - +0 hand axe
rCold   . . .      Faith    .   (no shield)
rNeg    . . .      Spirit   .   (body armour unavailable)
rPois   .          Reflect  .   (helmet restricted)
rElec   .          Harm     .   (no cloak)
rCorr   .          Rampage  .   (no gloves)
Will    .....                   (no boots)
Stlth   ++........              (no amulet)
HPRegen 0.13/turn               f - ring of protection from fire
MPRegen 0.09/turn               (no ring)

@: brilliant
A: AC +5, unfitting armour, cold-blooded
a: no special abilities


You were on level 3 of the Dungeon.
You visited 1 branch of the dungeon, and saw 3 of its levels.

You collected 138 gold pieces.

Inventory:

Hand Weapons
 a - a +0 hand axe (weapon)
Jewellery
 f - a ring of protection from fire (left hand)
 m - a ring of poison resistance
 p - a ring of positive energy
Scrolls
 d - a scroll of vulnerability {unknown}
 e - 2 scrolls of teleportation {unknown}
 g - 2 scrolls of identify {unknown}
 h - a scroll of noise {unknown}
 j - a scroll of enchant armour {unknown}
 k - a scroll of summoning {unknown}
 l - a scroll of fear {unknown}
 n - 5 scrolls of amnesia {unknown}
 q - a scroll of immolation {unknown}
 r - a scroll of blinking {unknown}
Potions
 b - a potion of ambrosia
 c - 3 potions of brilliance
 i - a potion of berserk rage {unknown}
 o - a potion of flight {unknown}


   Skills:
 + Level 4.0 Fighting
 + Level 4.4 Axes
 + Level 3.5 Dodging
 + Level 2.1 Stealth


You had 3 spell levels left.
You didn't know any spells.
Your spell library contained the following spells:

 Spells                   Type           Power      Damage    Failure   Level
 Apportation              Tloc           0%         N/A       34%         1
 Necrotise                Necr           0%         1d4       34%         1
 Summon Small Mammal      Summ           0%         N/A       34%         1
 Conjure Flame            Conj/Fire      0%         6-21      71%         3
 Ignite Poison            Fire/Tmut/Pois 0%         N/A       71%         3
 Sticky Flame             Conj/Fire      0%         2d3       98%         4


Dungeon Overview and Level Annotations

Branches:
Dungeon (3/15)

Altars:


Innate Abilities, Weirdness & Mutations

Your plain brown scales are hard. (AC +5)
You cannot fit into any form of body armour.
You are cold-blooded and may be slowed by cold attacks.


Message History

You hit the orc.
The orc is severely wounded.
The orc hits you with a +0 falchion.
* * * LOW HITPOINT WARNING * * *
You completely miss the orc.
The orc is severely wounded.
The orc barely misses you.
You closely miss the orc.
The orc is severely wounded.
The orc hits you with a +0 falchion.
* * * LOW HITPOINT WARNING * * *
You barely miss the orc.
The orc is severely wounded.
The orc hits you with a +0 falchion.
* * * LOW HITPOINT WARNING * * *
You closely miss the orc. You tail-slap the orc.
You kill the orc!
You hit the orc but do no damage. The orc barely misses you.
It was a potion of brilliance.
You feel clever all of a sudden. The orc hits you with a +0 hand axe.
* * * LOW HITPOINT WARNING * * *
You hit the orc but do no damage. The orc hits you but does no damage.
You hit the orc.
You tail-slap the orc, but do no damage.
The orc is lightly wounded.
The orc barely misses you.
You hit the orc but do no damage.
The orc is lightly wounded.
The orc closely misses you. x2
You barely miss the orc.
The orc is lightly wounded.
The orc completely misses you.
You hit the orc but do no damage.
Your tail-slap misses the orc.
The orc is lightly wounded.
The orc misses you.
You closely miss the orc.
The orc is lightly wounded.
The orc hits you with a +0 hand axe.
You die...

.... ..... #.
........... #... #......
#. .......'''. ##..
#.#......#.##
.......#.#.
.#..#.#.#.....#...
.......#.##
#....#.##....< ..#
.......#.#
......##.#...###.#
########.#
........#.#....#.# #.#
.........##..#.#.# #.#
...........#...#@# #.#
.....).......###o# #.#
......'.....o....# #.##
......########''####
#... ......#
##........## #.##
......# ##..........##
#.~.
......###............##
#.~.
########..............##
##.≈~
##................##
#.~≈≈


You could see an orc.

Vanquished Creatures
  6 adders
  2 dart slugs (D:2)
  4 orcs (D:3)
  6 ball pythons
  7 endoplasms
  3 giant cockroaches
  7 goblins
  9 hobgoblins
  6 kobolds
  A quokka (D:2)
  2 bats
  3 frilled lizards
  4 rats
60 creatures vanquished.

Notes
Turn   | Place    | Note
-------+----------+-------------------------------------------
     0 | D:1      | Orsonium the Draconian Monk began the quest for the Orb.
     0 | D:1      | Reached XP level 1. HP: 19/19 MP: 1/1
   317 | D:1      | Reached XP level 2. HP: 26/26 MP: 2/2
   495 | D:1      | Found a faded altar of an unknown god.
   932 | D:2      | Reached XP level 3. HP: 16/33 MP: 3/3
  1642 | D:2      | Reached XP level 4. HP: 13/40 MP: 4/4
  3057 | D:3      | HP: 1/40 [orc/+0 hand axe (2)]
  3063 | D:3      | Slain by an orc

Illustrated notes

Levels and vault maps discovered:
D:1:      beargit_arrival_greenhouse, layout_basic,
          shapermc_ecumenical_altar_starsandcircs
D:2:      layout_loops_ring, minmay_octomino_c4
D:3:      kennysheep_big_flooded_room, layout_basic,
          chequers_serial_rivers_large_a, minmay_misc_feat_secret_circle,
          kennysheep_cross_bottleneck

Skill      XL: |  1  2  3  4 |
---------------+-------------+-----
Dodging        | 3 |  3.5
Stealth        | 2 |  2.1
Axes           | 4 |  4.4
Fighting       | 4 |  4.0

Action                   |  1- 3 |  4- 6 || total
-------------------------+-------+-------++-------
Melee: Hand axe          |   117 |   121 ||   238
       Tailslap          |    10 |    14 ||    24
       Punch             |     2 |       ||     2
  Use: Potion            |       |     1 ||     1
 Stab: Sleeping          |       |     1 ||     1
Armor: Skin              |    32 |    32 ||    64
Dodge: Dodged            |    73 |   121 ||   194
